[Event "FIN-ch Seniors 2019"]
[Site "Helsinki"]
[Date "2019.06.16"]
[Round "7.4"]
[White "Auvinen, Esa"]
[Black "Koskinen, Veikko"]
[Result "1/2-1/2"]
[ECO "E57"]
[WhiteElo "1899"]
[BlackElo "1866"]
[Annotator "NA RC"]
[PlyCount "44"]
[EventDate "2019.06.10"]
[EventType "swiss"]
[EventCountry "FIN"]
[SourceTitle "playchess.com"]
[Source "ChessBase"]
[SourceQuality "1"]
[TimeControl "40/5400+30:1800+30"]

1. e4 c6 2. d4 d5 3. exd5 cxd5 4. c4 Nf6 5. Nc3 e6 6. Nf3 Bb4 7. a3 Bxc3+ 8. bxc3 Nc6 9. Bd3 dxc4 10. Bxc4 O-O 11. O-O h6 12. Bd3 b6 13. Re1 Bb7 14. Ne5 Rc8 15. Bd2 Ne7 16.
Ng4 Ned5 17. c4 Nxg4 18. cxd5 Qh4 19. Qf3 Bxd5 20. Qf4 g5 21. Qg3 Qxg3 22. hxg3 f5 1/2-1/2

[Event "FIN-ch Seniors 2019"]
[Site "Helsinki"]
[Date "2019.06.16"]
[Round "7.6"]
[White "Ruotanen, Helge"]
[Black "Lyly, Seppo"]
[Result "1-0"]
[ECO "A00"]
[WhiteElo "1920"]
[BlackElo "1907"]
[Annotator "NA RC"]
[PlyCount "51"]
[EventDate "2019.06.10"]
[EventType "swiss"]
[EventCountry "FIN"]
[SourceTitle "playchess.com"]
[Source "ChessBase"]
[SourceQuality "1"]
[TimeControl "40/5400+30:1800+30"]

1. g3 d5 2. Bg2 e5 3. d3 Nc6 4. Nc3 Be6 5. Nf3 f6 6. e4 d4 7. Ne2 Qd7 8. O-O
O-O-O 9. a3 g5 10. Ne1 h5 11. f4 gxf4 12. gxf4 Bh3 13. Bxh3 Qxh3 14. Rf3 Qd7 15. f5 h4 16. Kh1 Bd6 17. Ng1 Qh7 18. Rh3 Qg7 19. Ng2 Nge7 20. Bd2 Rdg8 21. Qe2 Qf7 22. Nf3 Nxf5 23. exf5 e4 24. dxe4 Ne5 25. Nxe5 Bxe5 26. Nf4 1-0

[Event "FIN-ch Seniors 2019"]
[Site "Helsinki"]
[Date "2019.06.16"]
[Round "7.7"]
[White "Patola, Eero"]
[Black "Saharinen, Petri"]
[Result "1-0"]
[ECO "D13"]
[WhiteElo "1853"]
[BlackElo "1719"]
[Annotator "NA RC"]
[PlyCount "85"]
[EventDate "2019.06.10"]
[EventType "swiss"]
[EventCountry "FIN"]
[SourceTitle "playchess.com"]
[Source "ChessBase"]
[SourceQuality "1"]
[TimeControl "40/5400+30:1800+30"]

1. c4 e6 2. d4 d5 3. Nf3 Nf6 4. Nc3 c6 5. cxd5 cxd5 6. g3 Bd7 7. Ne5 Be7 8.
Nxd7 Nbxd7 9. Bg2 a6 10. O-O O-O 11. Bf4 Rc8 12. Rc1 Nb6 13.
Qb3 Rc4 14. a3 Rxd4 15. Be3 e5 16. Bxd4 exd4 17. Nb1 Ne4 18.
Qd3 Nc5 19. Qd1 Nc4 20. b3 Nb6 21. b4 Ne6 22. Nd2 Bg5 23.
h4 Bf6 24. Qb3 Nc7 25. a4 Qd7 26. a5 Na4 27. Rxc7 Qxc7 28. Qxa4 Qd6 29. Qb3 Rd8 30. Rc1 g5 31. hxg5 Bxg5 32. Rd1 Qe6 33. Nf3 Bf6 34. Nxd4 Bxd4 35. Rxd4 Qxe2 36. Bxd5 Qe1+ 37. Kg2 Kf8 38.
Rf4 Rd7 39. Bxf7 Ke7 40. Bh5 Kd8 41. Rf8+ Kc7 42. Qc4+ Kd6 43. Qc5+ 1-0

[Event "FIN-ch Seniors 2019"]
[Site "Helsinki"]
[Date "2019.06.16"]
[Round "7.8"]
[White "Sihvonen, Tero"]
[Black "Kangas, Mauno"]
[Result "0-1"]
[ECO "B07"]
[WhiteElo "1983"]
[BlackElo "1831"]
[Annotator "NA RC"]
[PlyCount "66"]
[EventDate "2019.06.10"]
[EventType "swiss"]
[EventCountry "FIN"]
[SourceTitle "playchess.com"]
[Source "ChessBase"]
[SourceQuality "1"]
[TimeControl "40/5400+30:1800+30"]

1. e4 d6 2. d4 Nf6 3. Nc3 g6 4. Bg5 Bg7 5. e5 dxe5 6. dxe5 Qxd1+ 7. Rxd1 Nfd7 8. f4 c6 9. Nf3 Na6 10. a3 Nc7 11. Bc4 Nb6 12. Bb3 Ne6 13.
O-O h6 14. Bh4 Nxf4 15. Bg3 Ne6 16. Nd4 O-O 17. Nxe6 fxe6 18. Rxf8+ Bxf8 19. Ne4 Nd5 20. c4 Ne3 21. Rd8 b6 22. Bf4 Nf5 23.
c5 Kf7 24. g4 Nh4 25. Kf2 Bb7 26. Rd7 Ba6 27. Kg3 g5 28. Be3 Ng6 29. Bd4 Nf4 30. h4 Ke8 31. Rc7 Ne2+ 32. Kh3 Nxd4 33. Bd1 Kd8 0-1

[Event "FIN-ch Seniors 2019"]
[Site "Helsinki"]
[Date "2019.06.17"]
[Round "8.1"]
[White "Hurme, Harri"]
[Black "Koskinen, Veikko"]
[Result "1-0"]
[ECO "A90"]
[WhiteElo "2122"]
[BlackElo "1866"]
[Annotator "RC"]
[PlyCount "87"]
[EventDate "2019.06.10"]
[EventType "swiss"]
[EventCountry "FIN"]
[SourceTitle "playchess.com"]
[Source "ChessBase"]
[SourceQuality "1"]
[TimeControl "40/5400+30:1800+30"]

1. d4 f5 2. g3 Nf6 3. Bg2 e6 4. Nf3 d5 5. O-O Bd6 6. Bf4 O-O 7. c4 c6 8. Bxd6 Qxd6 9. Qc2 b6 10. Nc3 Ba6 11. cxd5 cxd5 12. Rfc1 Rc8 13. Qa4 Rc4 14. Qd1 Nbd7 15. e3 Rcc8 16. Qa4 b5 17. Nxb5 Bxb5 18. Qxb5 Rab8 19. Qe2 Ne4 20. Ne1 Nb6 21. f3 Nf6 22. Nd3 g6 23. b3 Nfd7 24. Qd2 Rxc1+ 25. Rxc1 Rc8 26. Rxc8+ Nxc8 27. Qc3 Ne7 28. a4 Qc6 29. Qxc6 Nxc6 30. Bf1 Kf7 31. Kf2 Ke7 32. Ke1 Kd6 33. Kd2 a5 34. Kc3 e5 35.
dxe5+ Ndxe5 36. Nxe5 Kxe5 37. f4+ Ke6 38. h3 Kd6 39. g4 Kc5 40.
g5 Kd6 41. h4 Kc5 42. Be2 d4+ 43. Kd2 Kd5 44. Bf3+ 1-0

[Event "FIN-ch Seniors 2019"]
[Site "Helsinki"]
[Date "2019.06.17"]
[Round "8.2"]
[White "Patola, Eero"]
[Black "Peltola, Leo"]
[Result "1/2-1/2"]
[ECO "A36"]
[WhiteElo "1853"]
[BlackElo "1933"]
[Annotator "NA"]
[PlyCount "86"]
[EventDate "2019.06.10"]
[EventType "swiss"]
[EventCountry "FIN"]
[SourceTitle "playchess.com"]
[Source "ChessBase"]
[SourceQuality "1"]
[TimeControl "40/5400+30:1800+30"]

1. e4 c5 2. c4 Nc6 3. Nc3 g6 4. g3 Bg7 5. Bg2 e6 6. d3 Nge7 7. Nge2 O-O 8. O-O d6 9. Rb1 Bd7 {[%emt 0:07:42] A36: Symmetrical English vs ...g6: 4 Bg2 Bg7} (9... b6
10. a3 Bb7 11. b4 Nd4 12. Be3 Qd7 13. Qd2 Nxe2+ 14. Nxe2 cxb4 15. axb4 d5 16.
Qa2 Rfd8 17. Rfc1 Nc6 18. Bg5 Re8 19. cxd5 exd5 20. exd5 Ne7 21. Nf4 {1/2-1/2 
(71) Gordievsky,D (2622)-Krasenkow,M (2671) Wijk aan Zee 2018}) 10. f4 f5 11. Be3 $146 ({
Predecessor:} 11. a3 a5 12. Nb5 Qb8 13. Be3 a4 14. e5 Nc8 15. exd6 Nd4 16.
Nbxd4 cxd4 17. Bxd4 Bxd4+ 18. Nxd4 {0-1 (29) Weng,X (1573)-Goh,Z (1908)
Auckland 2019}) 11... Nd4 12. Bf2 Bc6 13. Nxd4 cxd4 14. Ne2 e5 15. b4 $1 b6 16. h3 ({White should play} 16. c5 $11) 16... Qd7 17. b5 Bb7 18. Kh2 h6 19. Qb3 Kh7 20.
a4 Ng8 21. Bg1 (21. a5 $11
fxe4 22. a6) 21... Rae8 22. Qa3 fxe4 23. dxe4 exf4 24. Nxf4 Bxe4 25. Bxe4 Rxe4 26. Qd3 Qf5 27. Ng2 Qe5 28. Rxf8 (28. Rfe1 $11 Re8 29. Rbd1)
28... Bxf8 29. Rf1 Bg7 30.
Rf4 Rxf4 31. Nxf4 Ne7 32. Kg2 Nf5 (32... h5 $15 33.
Kf3 Qe1) 33. Bf2 Bf6 34. Ne2 (34. Kf3 $11) 34... Ne3+ 35. Bxe3 dxe3 36. h4 Be7 37. Nf4 Qb2+ {[%emt 0:02:45] [#]} (37... e2 $16 {might work better.} 38. Nxe2 (
38. Qxg6+ Kh8 $11) 38... Kg7) 38. Kh3 (38. Kf3 $1 $16 Qf6 39.
h5 (39. Kxe3 h5 $14)) 38... Qf6 39. h5 Qf5+ 40. Qxf5 gxf5 41. Kg2 Kg7 42. Kf3 Bf6 43. Kxe3 Be5 $11 {[%emt 0:26:00] Ke4} 1/2-1/2

[Event "FIN-ch Seniors 2019"]
[Site "Helsinki"]
[Date "2019.06.17"]
[Round "8.3"]
[White "Kivipelto, Kaj"]
[Black "Nyrhinen, Harri"]
[Result "1-0"]
[ECO "A10"]
[WhiteElo "2130"]
[BlackElo "2001"]
[Annotator "RC"]
[PlyCount "53"]
[EventDate "2019.06.10"]
[EventType "swiss"]
[EventCountry "FIN"]
[SourceTitle "playchess.com"]
[Source "ChessBase"]
[SourceQuality "1"]
[TimeControl "40/5400+30:1800+30"]

1. Nf3 f5 2. c4 Nf6 3. Nc3 e6 4. d3 d5 5. cxd5 exd5 6. g3 c6 7. Bg2 Bd6 8. O-O O-O 9. e4 fxe4 10. dxe4 dxe4 11. Ng5 Qc7 12. Ncxe4 Nxe4 13. Bxe4 Bf5 14. Qd3 g6 15. Qb3+ Kh8 16. Ne6 Bxe6 17. Qxe6 Na6 18. Qh3 Qf7 19. Bh6 Rfe8 20. Bc2 Nb4 21. Bb3 Nd5 22. Rad1 Rad8 23. Qh4 Be5 24. Rd2 Bf6 25. Bg5 Qe7 26. Rxd5 Bxg5 27. Rxg5 1-0

[Event "FIN-ch Seniors 2019"]
[Site "Helsinki"]
[Date "2019.06.17"]
[Round "8.4"]
[White "Sorri, Kari Juhani"]
[Black "Auvinen, Esa"]
[Result "1/2-1/2"]
[ECO "E17"]
[WhiteElo "2184"]
[BlackElo "1899"]
[Annotator "RC"]
[PlyCount "119"]
[EventDate "2019.06.10"]
[EventType "swiss"]
[EventCountry "FIN"]
[SourceTitle "playchess.com"]
[Source "ChessBase"]
[SourceQuality "1"]
[TimeControl "40/5400+30:1800+30"]

1. d4 Nf6 2. Nf3 e6 3. g3 d5 4. Bg2 c5 5. b3 Nbd7 6. Bb2 Be7 7. O-O O-O 8. Nbd2 b6 9. c4 Bb7 10. Qc2 dxc4 11. Nxc4 cxd4 12. Bxd4 Qc7 13. Rac1 Rac8 14. Qb2 Qb8 15. Nce5 Nxe5 16. Bxe5 Qa8 17. a4 Rxc1 18. Rxc1 Rc8 19. Qb1 Rxc1+ 20. Qxc1 Qc8 21. Qb1 Be4 22. Qb2 Qc2 23. Qxc2 Bxc2 24. Nd4 Bd1 25. Nc6 Ba3 26. Bb8 Nd7 27. Bxa7 Bxb3 28. a5 bxa5 29. Nxa5 Ba4 30. Nc4 Bc5 31. Bxc5 Nxc5 32. e4 Bc6 33. f3 Kf8 34. Kf2 Ke7 35. Ke3 f6 36. f4 Nd7 37. Bf3 e5 38.
Bg4 exf4+ 39. gxf4 Bb5 40. Na3 Ba6 41. Bxd7 Kxd7 42. Nc2 Ke7 43. Kd4 Bb7 44. Ne3 g5 45. fxg5 fxg5 46. Ke5 Bc8 47. Nd5+ Kf7 48. Kd6 h5 49. e5 h4 50. Nf6 g4 51. Nd7 Ke8 52. Nf6+ Kf7 53.
Ne4 Bf5 54. e6+ Bxe6 55. Ng5+ Kf6 56. Nxe6 g3 57. hxg3 hxg3 58. Nf4 Kf5 59. Ne2 g2 60. Kd5 1/2-1/2

[Event "FIN-ch Seniors 2019"]
[Site "Helsinki"]
[Date "2019.06.17"]
[Round "8.5"]
[White "Ruotanen, Helge"]
[Black "Aakio, Seppo"]
[Result "0-1"]
[ECO "A00"]
[WhiteElo "1920"]
[BlackElo "2051"]
[Annotator "NA RC"]
[PlyCount "78"]
[EventDate "2019.06.10"]
[EventType "swiss"]
[EventCountry "FIN"]
[SourceTitle "playchess.com"]
[Source "ChessBase"]
[SourceQuality "1"]
[TimeControl "40/5400+30:1800+30"]

1. g3 e5 2. d4 exd4 3. Qxd4 Nf6 4. Bg2 Be7 5. Nc3 O-O 6. Nf3 d5 7. O-O c6 8. b4 (8. e4 $11 {remains equal.}) 8... Bf5 9. Bb2 Bxc2 10. a3 Nbd7 11.
Rac1 Bg6 12. Rfd1 Qb6 13. Nh4 Qxd4 14. Rxd4 Ne5 15. Nxg6 hxg6 16. Rc2 (16. e4 $11) 16... Nc4 17.
Bc1 Nd6 18. f3 ({White
should play} 18. Bg5 $15) 18... a5 19. b5 Nc4 20. Rd3 Bxa3 21. Bxa3 Nxa3 22. Ra2 Nc4 23. e4 dxe4 24. fxe4 Rfe8 25. bxc6 bxc6 26. Rd4 Ne3 27. Bf3 Re5 28. Kf2 Neg4+ 29. Kg2 Rc5 30. Na4 Rc1 31. Nb6 Rb8 32. Nd7 Rb5 33. Be2 Rb4 34. Nxf6+ Nxf6 35. Rd8+ Kh7 36. e5 Nd5 37. Bd3 Rd4 38. e6 fxe6 39. Rxa5 Rxd3 $19 0-1

[Event "FIN-ch Seniors 2019"]
[Site "Helsinki"]
[Date "2019.06.17"]
[Round "8.6"]
[White "Lyly, Seppo"]
[Black "Leukkunen, Raimo"]
[Result "1/2-1/2"]
[ECO "A92"]
[WhiteElo "1907"]
[BlackElo "1876"]
[Annotator "NA RC"]
[PlyCount "45"]
[EventDate "2019.06.10"]
[EventType "swiss"]
[EventCountry "FIN"]
[SourceTitle "playchess.com"]
[Source "ChessBase"]
[SourceQuality "1"]
[TimeControl "40/5400+30:1800+30"]

1. c4 f5 2. g3 Nf6 3. Bg2 e6 4. Nf3 Nc6 5. O-O Be7 6. Nc3 O-O 7. d4 Qe8 {[%emt 0:00:30] A92:
Classical Dutch: Classical Stonewall (with ...Be7): Early deviations} (7... Ne4
8. Bd2 d5 9. e3 a5 10. Qb3 a4 11. Nxa4 g5 12. Be1 g4 13. Nh4 Bxh4 14. gxh4 Na5
15. Bxa5 Rxa5 16. cxd5 exd5 {1-0 (32) Grigoryan,K (2584)-Alonso Rosell,A (2530)
Barcelona 2017}) 8. Bf4 d6 9. d5 exd5 (9... Nd8 $1 $11) 10. cxd5 Nd8 11. Nd4 a6 12. Re1 $146 ({Predecessor:} 12. Qd3 Qg6 13. f3 c6 14. dxc6 bxc6 15. Nxc6
Nxc6 {0-1 (35) Wieland,B-Schulte,S Oberhof 1998}) 12... h6 (
12... Qf7 $142) 13. e4 g5 14. Bd2 fxe4 15. Nxe4 ({Don't take} 15. Bxe4
$6 Ng4 $16) 15... Ng4 $2 (15... Nxe4 16. Bxe4 Qf7) 16. h3 (16. Rc1 $142) 16... Ne5 17. Bc3 Qg6 18. Qe2 $18 h5 19.
Nd2 g4 20. h4 c5 21. Ne6 Bxe6 22. Bxe5 Bf5 23. Bc3 1/2-1/2

[Event "FIN-ch Seniors 2019"]
[Site "Helsinki"]
[Date "2019.06.17"]
[Round "8.7"]
[White "Kangas, Mauno"]
[Black "Saharinen, Petri"]
[Result "1/2-1/2"]
[ECO "A07"]
[WhiteElo "1831"]
[BlackElo "1719"]
[Annotator "NA"]
[PlyCount "109"]
[EventDate "2019.06.10"]
[EventType "swiss"]
[EventCountry "FIN"]
[SourceTitle "playchess.com"]
[Source "ChessBase"]
[SourceQuality "1"]
[TimeControl "40/5400+30:1800+30"]

1. Nf3 Nf6 2. g3 d5 3. Bg2 c6 4. d3 Bg4 5. O-O e6 6. c3 {[%emt 0:02:31] A07: Réti Opening:
New York and Capablanca Systems} (6. Nbd2 Be7 7. b3 O-O 8. Bb2 a5 9. a3 Nbd7
10. c4 Bd6 11. Qc2 Qe7 12. e4 dxe4 13. dxe4 e5 14. Nh4 Rfe8 15. h3 Be6 16. Nf5
Bxf5 17. exf5 e4 18. Rfe1 {1/2-1/2 (46) Fridman,D (2633)-Sargissian,G (2689)
St Petersburg 2018}) 6... Nbd7 7. a4 Bd6 8. b4 a6 $146 ({Predecessor:
} 8... h6 9. Nbd2 O-O 10. Re1 Bc7 {1-0 (59) Schoeppe,C (1610)-Straslipka,J 
(1748) Teplice 2015}) 9. Bb2 O-O 10. Nbd2 e5 11. Qc2 Re8 12. e4 Rc8 13. Qb3 dxe4 14. dxe4 Be6 15. Qc2 h6 16. Rad1 (16. Rfd1 $15)
16... Qc7 17. Nh4 c5 18. b5 axb5 19. axb5 {[%emt 0:00:26] [#]} c4 $1 20. Nf5 Bf8 21. Nb1 g6 22. Ne3 Qa5 23.
f4 (23. Na3 $17) 23... exf4 ({Resist} 23...
Qxb5 24. f5 $17) 24. gxf4 Bc5 ({Much less
strong is} 24... Qxb5 25. f5 $17) 25. Bc1 Ng4 ({Don't do} 25... Qxb5 26. f5 $17) 26. Rd4 Bxd4 27. cxd4 Nxe3 28. Bxe3 {[%emt 0:00:04] 
[#]} f5 $2 ({Much less strong is} 28... Qxb5 29. d5 $17) ({
Better is} 28... c3 $1 $19 29. f5 gxf5) 29. d5 $2 (29. e5 $11
{and White is okay.}) 29... Bxd5 30. e5 Bxg2 31. Qxg2 Nf8 32. Qd5+ Ne6 33. Nd2 Rcd8 34. Nxc4 Rxd5 35. Nxa5 b6 36. Nb7 Nc5 37. Nd6 Rxd6 38. Bxc5 Rd5 39. Bxb6 Rxb5 40. Bf2 g5 41. Be3 g4 42. h3 Rb3 43. Re1 h5 44. Kg2 Rc8 45. hxg4 hxg4 46. e6 Rc2+ 47. Bf2 Kf8 48. Kg1 Rf3 49. Bh4 Rxf4 $2 (49... Ra3 $19 50. Bf6
Rg3+ 51. Kf1 Rh3) 50. e7+ $1 Ke8 51. Rd1 $1 Re2 52. Rd8+ Kf7 53. Rf8+ Kg6 54. e8=Q+ {[%emt 0:00:00]
Ree4 Qxe4 Rxe4 Kg2 Rf4 Bg3 Rf3} Rxe8 {[%emt 0:00:00] Kg7 Rd8 Kg6 Bh4 Kf7 Rd7+
Kg6 Rd8 Kf7 Rd6 Kg7} 55. Bf6 {[%emt 0:01:13] Kf7 Bg5 Kg7 Bf6+} (55. Rxe8 $11
Ra4 56. Rf8) 1/2-1/2

[Event "FIN-ch Seniors 2019"]
[Site "Helsinki"]
[Date "2019.06.17"]
[Round "8.8"]
[White "Gronroos, Matti"]
[Black "Visti, Heikki"]
[Result "1-0"]
[ECO "B09"]
[WhiteElo "1931"]
[BlackElo "2000"]
[Annotator "NA"]
[PlyCount "94"]
[EventDate "2019.06.10"]
[EventType "swiss"]
[EventCountry "FIN"]
[SourceTitle "playchess.com"]
[Source "ChessBase"]
[SourceQuality "1"]
[TimeControl "40/5400+30:1800+30"]

1. e4 d6 2. d4 Nf6 3. Nc3 g6 4. f4 Bg7 5. e5 dxe5 6. dxe5 Qxd1+ 7. Kxd1 Ng4 8.
Nd5 Kd8 9. Ke1 c6 10. Nc3 Bf5 {[%emt 0:02:50] B09: Pirc Defence:
Austrian Attack} (10... Nh6 11. Nf3 Rf8 12. Be3 f6 13. Rd1+ Kc7 14. Bc5 Re8 15.
exf6 exf6+ 16. Be2 b6 17. Bd6+ Kb7 18. Ba3 Ng4 19. Rd2 Bh6 20. g3 Ne3 21. Kf2
g5 22. Bd3 Bh3 {1/2-1/2 (22) Robulj,N (2298)-Sredojevic,I (2416) Kragujevac
2015}) 11. Bc4 $146 ({Predecessor:} 11. h3 Nh6 12. g4 Be6 13.
Nf3 Nd7 14. Ng5 Bd5 15. Nxd5 cxd5 16. c4 Nb6 17. cxd5 Nxd5 18. Bg2 {1-0 (45)
Andrade,R (2177)-Braga,J (1911) Montevideo 2015}) 11... Rf8 12. Bb3 Na6 13. h3 Nh6 14. g4 Bd7 15. Be3 Kc7 16. Nf3 b6 17.
Ke2 Rad8 18. a4 Kb7 19. a5 Nc7 20. axb6 axb6 21. Ra3 c5 22.
Rha1 Ra8 23. Rxa8 Nxa8 24. Ng5 Nc7 25. Nxh7 Rh8 26. Ng5 f6 {[%emt 0:01:
21] [#]} 27. exf6 $1 exf6 28. Nf3 Bc6 29. Kf2 Re8 (
29... Ng8 $16) 30. Rd1 Re7 31. Nh4 Be8 32. f5 gxf5 33.
Bxh6 Bxh6 34. Nxf5 Rh7 35. Nd6+ Ka7 36. Ra1+ Kb8 37. Nxe8 Nxe8 38. Bd5 Nc7 39. Be4 Re7 40. Kf3 Bg5 41. Rd1 b5 42. Rd6 Re5 $2 (42... Ka7 $16 {was worth a try.} 43. Ne2 b4) 43. Rb6+ $18 Kc8 44. Nxb5 Ne6 45.
Rxe6 Rxe6 46. Bf5 Kd7 47. Nc3 Kd8 1-0